 Dungeon Crawl Stone Soup version 0.25-a0-346-g140ab784a8 (webtiles) character file.

Game seed: 15655676488046771140, levelgen mode: deterministic

2217 sankara the Purveyor of Pain (level 9, -1/68 HPs)
             Began as a Ghoul Necromancer on Dec 31, 2019.
             Was an Initiate of Kikubaaqudgha.
             Slain by a killer bee (6 damage)
             ... on level 7 of the Dungeon.
             The game lasted 00:35:56 (6973 turns).

sankara the Purveyor of Pain (Ghoul Necromancer)    Turns: 6973, Time: 00:35:57

Health: -1/68      AC:  7    Str: 12    XL:     9   Next: 35%
Magic:  1/10       EV: 13    Int: 13    God:    Kikubaaqudgha [......]
Gold:   396        SH:  0    Dex:  9    Spells: 0/11 levels left

rFire    + . .     SeeInvis .   a - +2 whip (elec)
rCold    + . .     Gourm    .   (no shield)
rNeg     + + +     Faith    .   t - +0 leather armour
rPois    ∞         Spirit   .   h - +0 helmet
rElec    .         Reflect  .   L - +0 cloak
rCorr    .         Harm     .   g - +1 pair of gloves
MR       +....                  (no boots)
Stlth    +.........             (no amulet)
HPRegen  0.00/turn              w - ring of protection from fire {rF+, !d}
MPRegen  0.12/turn              G - ring of protection from magic {MR+, !d}

@: rotting
A: rotting body, claws 1, carnivore, cold resistance 1, negative energy
resistance 3, inhibited regeneration, torment resistance, unbreathing
a: Renounce Religion


You were on level 7 of the Dungeon.
You worshipped Kikubaaqudgha.
Kikubaaqudgha was noncommittal.
You were not hungry.

You visited 1 branch of the dungeon, and saw 7 of its levels.

You collected 396 gold pieces.

Inventory:

Hand Weapons
 a - a +2 whip of electrocution (weapon)
   (You took it off a kobold on level 2 of the Dungeon)
 u - a +0 dagger of venom
   (You found it on level 2 of the Dungeon)
 v - a +0 dagger
   (You found it on level 1 of the Dungeon)
Missiles
 f - 6 silver javelins
 j - 289 stones (quivered)
 p - 5 curare-tipped darts
 r - 65 sling bullets
 K - 4 boomerangs
Armour
 d - a +0 robe
 g - a +1 pair of gloves (worn)
   (You found it on level 1 of the Dungeon)
 h - a +0 helmet (worn)
   (You found it on level 1 of the Dungeon)
 t - a +0 leather armour (worn)
   (You took it off an orc on level 2 of the Dungeon)
 F - a +0 ring mail
   (You took it off Ijyb on level 3 of the Dungeon)
 L - a +0 cloak (worn)
   (You found it on level 4 of the Dungeon)
 N - +0 storm dragon scales
   (You found it on level 4 of the Dungeon)
Jewellery
 w - a ring of protection from fire (left hand) {rF+, !d}
   (You found it on level 2 of the Dungeon)
 A - an uncursed ring of protection from cold {rC+, !d}
   (You found it on level 3 of the Dungeon)
 G - a ring of protection from magic (right hand) {MR+, !d}
   (You found it on level 5 of the Dungeon)
Wands
 D - a wand of acid (6)
   (You took it off Ijyb on level 3 of the Dungeon)
 O - a wand of iceblast (8)
   (You found it on level 4 of the Dungeon)
Scrolls
 e - 3 scrolls of amnesia
 i - 4 scrolls of remove curse
 l - a scroll of fear {unknown}
 o - 2 scrolls of blinking {unknown}
 q - 2 scrolls of enchant armour {unknown}
 y - a scroll of fog {unknown}
 C - a scroll of teleportation {unknown}
 H - a scroll of identify
 I - a scroll of holy word {unknown}
 M - a scroll of random uselessness {unknown}
 Q - a scroll of enchant weapon {unknown}
Potions
 b - 2 potions of berserk rage {!q}
 k - a potion of ambrosia
 m - 2 potions of might {unknown}
 n - 3 potions of invisibility
 s - a potion of lignification {unknown}
 x - 2 potions of degeneration {unknown}
 B - 2 potions of haste
 E - 2 potions of brilliance {unknown}
 J - a potion of heal wounds {unknown}
Comestibles
 c - 12 rations


   Skills:
 + Level 2.8 Fighting
 * Level 7.0 Maces & Flails
 + Level 2.2 Armour
 - Level 5.1 Dodging
 - Level 2.1 Stealth
 - Level 1.7 Spellcasting
 + Level 7.6 Necromancy


You couldn't memorise any spells.
You knew the following spells:

 Your Spells              Type           Power        Failure   Level  Hunger
a - Pain                  Necr           ###.         1%          1    ##.....
b - Blink                 Tloc           N/A          45%         2    ###....
c - Vampiric Draining     Necr           ###.......   4%          3    ####...
d - Animate Dead          Necr           N/A          14%         4    #####..
e - Animate Skeleton      Necr           N/A          1%          1    ##.....

Your spell library contained the following spells:

 Spells                   Type           Power        Failure   Level  Hunger
 Regeneration             Chrm/Necr      ##........   21%         3    ####...
 Magic Dart               Conj           #...         32%         1    ##.....
 Call Imp                 Summ           #.......     45%         2    ###....
 Slow                     Hex            #.......     45%         2    ###....
 Conjure Flame            Conj/Fire      #.......     69%         3    ####...
 Mephitic Cloud           Conj/Pois/Air  #.......     69%         3    ####...


Dungeon Overview and Level Annotations

Branches:
Dungeon (7/15)             Temple (0/1) D:7

Altars:
Cheibriados
Dithmenos
Gozag
Kikubaaqudgha
Nemelex Xobeh
Okawaru
Qazlal
Uskayaw
Vehumet
Xom
Yredelemnul
The Shining One


Innate Abilities, Weirdness & Mutations

Your body is rotting away.
You thrive on raw meat.
You are immune to poison.
You have sharp fingernails.
You are carnivorous and can eat meat at any time.
Your flesh is cold resistant. (rC+)
You are immune to negative energy. (rN+++)
You do not regenerate when monsters are visible.
You are immune to unholy pain and torment.
You can survive without breathing.


Message History

Press: ? - help, Shift-Dir - straight line, f/p - killer bee
Aim: a killer bee (severely wounded)
You kill the killer bee!
Kikubaaqudgha accepts your kill.
You feel life coursing into your body.
The killer bee stings you but does no damage.
You barely miss the killer bee. The killer bee barely misses you. x2
You miss the killer bee. The killer bee misses you.
You hit the killer bee.
The killer bee is moderately wounded.
The killer bee stings you. The killer bee barely misses you.
You hit the killer bee.
The killer bee is heavily wounded.
The killer bee stings you.
You closely miss the killer bee.
The killer bee is heavily wounded.
The killer bee stings you! The killer bee closely misses you.
You hit the killer bee.
The killer bee is heavily wounded.
The killer bee barely misses you.
Casting: Vampiric Draining (safe; 4% risk of failure)
Confirm with . or Enter, or press ? or * to list all spells.
Aiming: Vampiric Draining (safe; 4% risk of failure)
Press: ? - help, Shift-Dir - straight line, f - killer bee
Aim: a killer bee (heavily wounded)
You kill the killer bee!
Kikubaaqudgha accepts your kill.
You feel life coursing into your body. The killer bee barely misses you.
You closely miss the killer bee. The killer bee closely misses you.
The killer bee misses you.
You barely miss the killer bee. The killer bee misses you.
You miss the killer bee. The killer bee barely misses you.
The killer bee misses you.
You closely miss the killer bee. The killer bee stings you.
You closely miss the killer bee. The killer bee closely misses you. x2
You barely miss the killer bee. The killer bee stings you.
You hit the killer bee.
The killer bee is lightly wounded.
The killer bee stings you but does no damage.
You barely miss the killer bee.
The killer bee is lightly wounded.
The killer bee stings you. x2
You barely miss the killer bee.
The killer bee is lightly wounded.
The killer bee stings you but does no damage.
Your leather armour prevents you from hitting the killer bee.
The killer bee is lightly wounded.
The killer bee stings you! The killer bee barely misses you.
You hit the killer bee.
The killer bee is moderately wounded.
The killer bee barely misses you.
You hit the killer bee.
The killer bee is severely wounded.
The killer bee misses you. The killer bee completely misses you.
Casting: Vampiric Draining (safe; 4% risk of failure)
Confirm with . or Enter, or press ? or * to list all spells.
Aiming: Vampiric Draining (safe; 4% risk of failure)
Press: ? - help, Shift-Dir - straight line, f - killer bee
Aim: a killer bee (severely wounded)
You kill the killer bee!
Kikubaaqudgha accepts your kill.
Your Maces & Flails skill increases to level 7!
You feel life coursing into your body. The killer bee closely misses you.
You swap places.
The killer bee stings your quokka skeleton.
Your quokka skeleton completely misses the killer bee.
The killer bee stings your quokka skeleton.
There is an open door here.
Okay, then.
The killer bee barely misses your quokka skeleton.
Your quokka skeleton completely misses the killer bee.
The killer bee stings your quokka skeleton.
Your quokka skeleton is destroyed!
The killer bee stings you.
There is an open door here.
You hit the killer bee.
Lightning courses through the killer bee!!
You kill the killer bee!
Kikubaaqudgha accepts your kill.
The killer bee stings you but does no damage.
You miss the killer bee. The killer bee stings you.
You barely miss the killer bee. The killer bee misses you. x2
You barely miss the killer bee.
The killer bee stings you but does no damage.
You closely miss the killer bee. The killer bee stings you!
* * * LOW HITPOINT WARNING * * *
The killer bee stings you but does no damage.
You closely miss the killer bee. The killer bee stings you!
* * * LOW HITPOINT WARNING * * *
You feel better.
The killer bee stings you but does no damage.
The killer bee stings you.
* * * LOW HITPOINT WARNING * * *
You closely miss the killer bee. The killer bee completely misses you.
The killer bee stings you.
* * * LOW HITPOINT WARNING * * *
You barely miss the killer bee. The killer bee barely misses you.
You barely miss the killer bee. The killer bee stings you.
You die...
Kikubaaqudgha rasps: "You have failed me!
Welcome... oblivion!"

.......# ......#
.....# ....# ########
...# #....... ..#
#.###### #+###)#
#.#....< #..##y#
#.#.####
#.##@#########.#.#...
#...........##.#.#.##
##..........##.#...#
#..........##.#####
##.........##.....#
#.........######.#
#.........#.8.##.#
#.>............#.##
##'#######8.>.8#...


You could see a killer bee.

Vanquished Creatures
  Pikel (D:4)
  Sigmund (D:4)
  2 phantoms
  An ice beast (D:7)
  2 slaves
  A centaur (D:5)
  4 scorpions
  4 killer bees (D:7)
  A howler monkey (D:3)
  3 crimson imps
  An orc priest (D:4)
  A centaur zombie (D:6)
  4 hounds
  2 orc wizards
  A bullfrog skeleton (D:5)
  2 iguanas
  2 jellies
  Jessica (D:3)
  Ijyb (D:3)
  4 worker ants
  A howler monkey zombie (D:6)
  7 adders
  A shadow imp (D:5)
  An ooze (D:5)
  An adder skeleton (D:5)
  3 dart slugs
  4 leopard geckos
  11 orcs
  A ball python (D:4)
  2 giant cockroaches
  4 goblins
  8 hobgoblins
  3 jackals (D:2)
  10 kobolds
  A quokka (D:7)
  5 bats
  4 frilled lizards
  A jackal zombie (D:5)
  9 rats
  A plant (D:1)
117 creatures vanquished.

Vanquished Creatures (collateral kills)
  An ogre (D:6)
  An adder (D:3)
  2 bats (D:2)
  A goblin (D:3)
  A hobgoblin (D:3)
  A jackal (D:2)
7 creatures vanquished.

Vanquished Creatures (others)
  Duvessa (D:4)
  Dowan (D:4)
  4 orcs (D:4)
  A goblin (D:1)
  A hobgoblin (D:3)
8 creatures vanquished.

Grand Total: 132 creatures vanquished

Notes
Turn   | Place    | Note
-------+----------+-------------------------------------------
     0 | D:1      | sankara the Ghoul Necromancer began the quest for the Orb.
     0 | D:1      | Reached XP level 1. HP: 14/14 MP: 2/2
    45 | D:1      | Learned a level 1 spell: Animate Skeleton
   274 | D:1      | Reached skill level 2 in Dodging
   541 | D:1      | HP: 3/14 [hobgoblin/+0 club (7)]
   579 | D:1      | Reached XP level 2. HP: 5/19 MP: 0/3
  1653 | D:2      | Found a radiant altar of Vehumet.
  1660 | D:2      | Reached XP level 3. HP: 26/26 MP: 4/4
  1797 | D:2      | Learned a level 3 spell: Vampiric Draining
  1962 | D:2      | Found a stormy altar of Qazlal.
  2487 | D:3      | Noticed Jessica
  2493 | D:3      | Killed Jessica
  2493 | D:3      | Reached skill level 5 in Necromancy
  2493 | D:3      | Reached XP level 4. HP: 32/33 MP: 5/5
  2642 | D:3      | Reached skill level 1 in Maces & Flails
  2646 | D:3      | Reached XP level 5. HP: 31/38 MP: 4/6
  2720 | D:3      | Reached skill level 3 in Dodging
  2752 | D:3      | Reached skill level 2 in Maces & Flails
  2889 | D:3      | Found a snail-covered altar of Cheibriados.
  2930 | D:3      | Noticed Ijyb
  2931 | D:3      | HP: 2/38 [acid (8)]
  2959 | D:3      | Killed Ijyb
  2959 | D:3      | Reached XP level 6. HP: 42/45 MP: 2/7
  3105 | D:3      | Found a basalt altar of Yredelemnul.
  3107 | D:3      | Noticed a profane servitor
  3118 | D:3      | Found a glowing golden altar of the Shining One.
  3121 | D:3      | Noticed an angel
  3286 | D:4      | Noticed Pikel
  3286 | D:4      | Noticed a slave
  3286 | D:4      | Noticed a slave
  3286 | D:4      | Noticed a slave
  3295 | D:3      | Killed a slave
  3416 | D:4      | Noticed a slave
  3418 | D:4      | Killed a slave
  3434 | D:4      | HP: 10/45 [Pikel/+0 whip of freezing (6)]
  3475 | D:4      | Killed Pikel
  3475 | D:4      | Reached skill level 4 in Maces & Flails
  3475 | D:4      | Reached skill level 4 in Dodging
  3475 | D:4      | Reached skill level 6 in Necromancy
  3475 | D:4      | Reached XP level 7. HP: 12/50 MP: 1/8
  3505 | D:4      | HP: 5/50 [orc/+0 flail (8)]
  3843 | D:5      | Entered Level 5 of the Dungeon
  4206 | D:6      | Reached XP level 8. HP: 57/57 MP: 9/9
  4259 | D:6      | Found a sparkling altar of Nemelex Xobeh.
  4269 | D:6      | Found an iron altar of Okawaru.
  4272 | D:6      | Found a shadowy altar of Dithmenos.
  4274 | D:6      | Found an opulent altar of Gozag.
  4295 | D:6      | Reached skill level 5 in Maces & Flails
  4356 | D:6      | Learned a level 4 spell: Animate Dead
  4529 | D:6      | Found a shimmering altar of Xom.
  4969 | D:7      | Reached skill level 5 in Dodging
  4994 | D:7      | Found a hide-covered altar of Uskayaw.
  4996 | D:7      | Noticed a +0 dagger
  4996 | D:7      | Noticed a -1 dagger
  5063 | D:7      | Reached skill level 6 in Maces & Flails
  5063 | D:7      | Reached skill level 7 in Necromancy
  5276 | D:7      | Found an ancient bone altar of Kikubaaqudgha.
  5283 | D:7      | Became a worshipper of Kikubaaqudgha
  5405 | D:4      | Killed Duvessa
  5414 | D:4      | Killed Dowan
  5429 | D:4      | Noticed Sigmund
  5437 | D:4      | Killed Sigmund
  5437 | D:4      | Reached skill level 1 in Fighting
  5437 | D:4      | Reached skill level 1 in Armour
  5533 | D:4      | Reached XP level 9. HP: 63/63 MP: 10/10
  6010 | D:5      | Reached skill level 2 in Fighting
  6397 | D:5      | Learned a level 2 spell: Blink
  6849 | D:7      | Reached skill level 2 in Armour
  6869 | D:7      | Found a staircase to the Ecumenical Temple.
  6960 | D:7      | Reached skill level 7 in Maces & Flails
  6968 | D:7      | HP: 14/68 [killer bee (8)]
  6969 | D:7      | HP: 6/68 [killer bee (8)]
  6973 | D:7      | Slain by a killer bee

Levels and vault maps discovered:
D:1:      matt_arrival_refuge, layout_basic, lexackson_kobold_supper
D:2:      layout_rooms, vehumet_crystals, old_standard_altar,
          serial_corexii_hall, corexii_hall_statues_i,
          chequers_hall_statues_wall_a, minmay_misc_feat_four_crosses,
          minmay_misc_feat_diagonals
D:3:      cheibrodos_helix_gallery, layout_loops_ring,
          grunt_temple_overflow_holy_war, cheibriados_altar_1, uniq_jessica,
          uniq_ijyb
D:4:      layout_loops_ring, first_ration, uniq_duvessa, uniq_pikel,
          uniq_sigmund
D:5:      layout_loops_ring
D:6:      layout_loops_ring, nicolae_overflow_hidden_temple,
          nicolae_overflow_crystal_walls, grunt_temple_overflow_open,
          chequers_decorated_corner, minivault_10, minmay_misc_feat_columns
D:7:      gammafunk_steamed_eel, layout_basic, old_standard_altar,
          dancing_weapons_uskayaw, minmay_temple_entry_statues_pillars

Skill      XL: |  1  2  3  4  5  6  7  8  9 |
---------------+----------------------------+-----
Dodging        | 2 3 4 5 |  5.1
Necromancy     | 5 6 7 |  7.6
Maces & Flails | 1 2 4 6 7 |  7.0
Fighting       | 1 2 |  2.8
Armour         | 1 2 |  2.2
Stealth        | |  2.1
Spellcasting   | |  1.7

Action                   |  1- 3 |  4- 6 |  7- 9 || total
-------------------------+-------+-------+-------++-------
Melee: Dagger            |   226 |       |       ||   226
       Unarmed           |     9 |       |       ||     9
       Whip              |     9 |    94 |   250 ||   353
Throw: Stone             |     1 |       |       ||     1
 Cast: Pain              |    30 |     5 |     4 ||    39
       Animate Skeleton  |    19 |    14 |    12 ||    45
       Vampiric Draining |       |     4 |     4 ||     8
Evoke: Wand              |       |       |     1 ||     1
  Use: Scroll            |       |       |     7 ||     7
       Potion            |       |       |     1 ||     1
 Stab: Sleeping          |     2 |     1 |     5 ||     8
       Distracted        |     1 |       |       ||     1
  Eat: Chunk             |    12 |    16 |    13 ||    41
Armor: Robe              |    53 |    21 |    12 ||    86
       Leather armour    |       |       |    31 ||    31
Dodge: Dodged            |   132 |    60 |   134 ||   326

Table legend:
 A = Non-vault XP
 B = Vault XP
 C = Vault XP percentage of total XP
 D = Non-vault monster count
 E = Vault monster count
 F = Vault count percentage of total count
                 A         B        C        D         E       F
            +---------+---------+-------+---------+---------+-------
      Total |    2225 |     943 |  29.8 |     107 |      14 |  11.6
            +---------+---------+-------+---------+---------+-------
        D:1 |      22 |      10 |  31.2 |      10 |       8 |  44.4
        D:2 |      35 |       0 |   0.0 |      22 |       0 |   0.0
        D:3 |     188 |      73 |  28.0 |      21 |       4 |  16.0
        D:4 |     223 |     860 |  79.4 |      11 |       2 |  15.4
        D:5 |     569 |       0 |   0.0 |      15 |       0 |   0.0
        D:6 |     580 |       0 |   0.0 |      13 |       0 |   0.0
        D:7 |     608 |       0 |   0.0 |      15 |       0 |   0.0
            +---------+---------+-------+---------+---------+-------

Levels and vault maps discovered:
D:1:      matt_arrival_refuge, layout_basic, lexackson_kobold_supper
D:2:      layout_rooms, vehumet_crystals, old_standard_altar,
          serial_corexii_hall, corexii_hall_statues_i,
          chequers_hall_statues_wall_a, minmay_misc_feat_four_crosses,
          minmay_misc_feat_diagonals
D:3:      cheibrodos_helix_gallery, layout_loops_ring,
          grunt_temple_overflow_holy_war, cheibriados_altar_1, uniq_jessica,
          uniq_ijyb
D:4:      layout_loops_ring, first_ration, uniq_duvessa, uniq_pikel,
          uniq_sigmund
D:5:      layout_loops_ring
D:6:      layout_loops_ring, nicolae_overflow_hidden_temple,
          nicolae_overflow_crystal_walls, grunt_temple_overflow_open,
          chequers_decorated_corner, minivault_10, minmay_misc_feat_columns
D:7:      gammafunk_steamed_eel, layout_basic, old_standard_altar,
          dancing_weapons_uskayaw, minmay_temple_entry_statues_pillars

Table legend:
 A = Turns spent in this place as a percentage of turns spent in the entire game.
 B = Non-inter-level travel turns spent in this place as a percentage of non-inter-level travel turns spent in the entire game.
 C = Inter-level travel turns spent in this place as a percentage of turns spent in this place.
 D = Turns resting spent in this place as a percentage of non-inter-level travel turns spent in this place.
 E = Turns spent auto-exploring this place as a percentage of non-inter-level travel turns spent in this place.
 F = Non-inter-level travel turns spent in this place divided by the number of levels of this place that you've seen.
                   A       B       C       D       E      F
               +-------+-------+-------+-------+-------+----------------------
         Total | 100.0 | 100.0 |   6.2 |  23.2 |  50.5 | 934.1
       Dungeon | 100.0 | 100.0 |   6.2 |  23.2 |  50.5 | 934.1
               +-------+-------+-------+-------+-------+----------------------

Table legend:
 A = Kills in this place as a percentage of kills in entire the game.
 B = Kills by you in this place as a percentage of kills by you in the entire game.
 C = Kills by friends in this place as a percentage of kills by friends in the entire game.
 D = Other kills in this place as a percentage of other kills in the entire game.
 E = Experience gained in this place as a percentage of experience gained in the entire game.
 F = Experience gained in this place divided by the number of levels of this place that you have seen.
                   A       B       C       D       E      F
               +-------+-------+-------+-------+-------+----------------------
         Total | 100.0 | 100.0 | 100.0 |   N/A | 100.0 | 452.6
       Dungeon | 100.0 | 100.0 | 100.0 |   N/A | 100.0 | 452.6
               +-------+-------+-------+-------+-------+----------------------
